 Dungeon Crawl Stone Soup version 0.20.0-15-g7f486f2 (webtiles) character file.

2173 Kosschaser the Cudgeler (level 9, 0/55 HPs)
             Began as a Gargoyle Fighter on June 10, 2017.
             Was a Believer of Okawaru.
             Slain by a killer bee (4 damage)
             ... on level 7 of the Dungeon.
             The game lasted 00:20:08 (6657 turns).

Kosschaser the Cudgeler (Gargoyle Fighter)          Turns: 6657, Time: 00:20:09

Health: 0/55       AC: 14    Str: 29    XL:     9   Next: 32%
Magic:  3/3        EV: 10    Int: 10    God:    Okawaru [**....]
Gold:   352        SH: 11    Dex: 10    Spells: 8/8 levels left

rFire    x . .     SeeInvis .   v - +1 mace (antimagic)
rCold    . . .     Gourm    .   c - +0 shield
rNeg     + . .     Faith    .   b - +0 scale mail
rPois    ∞         Spirit   .   y - +0 helmet of Evimit {rF- MR+++ Str+8}
rElec    +         Reflect  .   (no cloak)
rCorr    .         Harm     .   (no gloves)
MR       +++..                  (no boots)
Stlth    ..........             u - amulet of rage
Regen    0.2/turn               (no ring)
MPRegen  0.1/turn               (no ring)

@: no status effects
A: negative energy resistance 1, electricity resistance, unbreathing,
petrification resistance, rot immunity, AC +5
a: Heroism, Renounce Religion, Evoke Berserk Rage


You were on level 7 of the Dungeon.
You worshipped Okawaru.
Okawaru was pleased with you.
You were very hungry.

You visited 2 branches of the dungeon, and saw 8 of its levels.

You collected 352 gold pieces.

Inventory:

Hand Weapons
 v - a +1 antimagic mace (weapon)
 w - a +0 whip of freezing
Armour
 b - a +0 scale mail (worn)
 c - a +0 shield (worn)
 p - a +1 helmet
 y - the +0 helmet of Evimit (worn) {rF- MR+++ Str+8}
   (You found it on level 7 of the Dungeon)

   It affects your strength (+8).
   It makes you vulnerable to fire.
   It affects your resistance to hostile enchantments.
Jewellery
 u - an amulet of rage (around neck)
Wands
 a - a wand of acid (10/15)
 t - a wand of acid (8/15)
 A - a wand of random effects (22/48)
Scrolls
 e - 5 scrolls of identify {unknown}
 g - 2 scrolls of remove curse {unknown}
 h - 3 scrolls of teleportation {unknown}
 i - a scroll of blinking {unknown}
 k - 2 scrolls of recharging {unknown}
 m - a scroll of amnesia {unknown}
 o - 2 scrolls of random uselessness {unknown}
 x - a scroll of enchant weapon {unknown}
Potions
 d - 2 potions of might
 j - a potion of lignification {unknown}
 n - a potion of flight {unknown}
 q - a potion of haste {unknown}
 r - 5 potions of curing
 C - a potion of brilliance {unknown}
Comestibles
 f - 5 bread rations
 l - 2 meat rations
 s - 2 royal jellies
 B - 2 fruits


   Skills:
 + Level 5.8 Fighting
 + Level 7.5 Maces & Flails
 + Level 6.0 Armour
 + Level 2.9 Dodging
 + Level 1.2 Stealth
 + Level 7.3 Shields


You had 8 spell levels left.
You didn't know any spells.

Dungeon Overview and Level Annotations

Branches:
Dungeon (7/15)             Temple (1/1) D:4

Altars:
Ashenzari
Cheibriados
Dithmenos
Elyvilon
Fedhas
Gozag
Kikubaaqudgha
Nemelex Xobeh
Okawaru
Qazlal
Ru
Sif Muna
Uskayaw
Vehumet
Xom
Yredelemnul
The Shining One

Annotations:
D:6 mrks's ghost, novice MiFi


Innate Abilities, Weirdness & Mutations

You are resistant to torment.
Your stone body is resilient. (AC +5)
You are immune to poison.
You resist negative energy. (rN+)
You are resistant to electric shocks. (rElec)
You can survive without breathing.
You are immune to petrification.
You are immune to rotting.


Message History

You miss the killer bee.
The killer bee is severely wounded.
The killer bee stings you.
* * * LOW HITPOINT WARNING * * *
The killer bee stings you but does no damage.
You barely miss the killer bee.
The killer bee is severely wounded.
You block the killer bee's attack.
The killer bee stings you but does no damage.
You closely miss the killer bee.
The killer bee is severely wounded.
You block the killer bee's attack. x2
You miss the killer bee.
The killer bee is severely wounded.
The killer bee stings you but does no damage.
You block the killer bee's attack. x2
You hit the killer bee.
The killer bee is almost dead.
The killer bee misses you. The killer bee stings you.
You die...

.. #.#.......)#†...#
.. #.........).....#
#.##.#.#######(...##
..#.#.# #....#
#.#.#.# ######
###.#.#.##.#.#
#............#
#.##..####...# ##.
#.@####...###..$
##.y............ .
#............ ..
#.###...####..# ...
#.............# ...
#####...####.## ..
#...# #.##.##.#
##..####......(#
#...<.).....###


You could see a killer bee.

Vanquished Creatures
  Pikel (D:7)
  The ghost of GordonOverkill the Slicer, an amateur KoAs (D:4)
  An orc warrior (D:7)
  A necrophage (D:4)
  A slave (D:7)
  An ogre (D:7)
  A phantom (D:7)
  A big kobold (D:7)
  Blork the orc (D:4)
  Dowan (D:6)
  A scorpion (D:4)
  5 killer bees (D:7)
  A crimson imp (D:7)
  A jelly (D:5)
  5 hounds
  A bullfrog skeleton (D:4)
  An orc priest (D:7)
  A gnoll shaman (D:4)
  2 orc wizards (D:6)
  4 worker ants
  11 gnolls
  A howler monkey skeleton (D:5)
  6 adders
  An ooze (D:1)
  An adder skeleton (D:4)
  A worm (D:5)
  A dart slug (D:1)
  4 leopard geckos
  11 orcs
  6 bats
  5 giant cockroaches
  7 goblins (D:1)
  4 hobgoblins
  12 jackals
  13 kobolds
  A quokka (D:3)
  4 frilled lizards
  A jackal skeleton (D:4)
  A leopard gecko zombie (D:5)
  6 rats
129 creatures vanquished.

Vanquished Creatures (others)
  Duvessa (D:6)
1 creature vanquished.

Grand Total: 130 creatures vanquished

Notes
Turn   | Place    | Note
-------+----------+-------------------------------------------
     0 | D:1      | Kosschaser the Gargoyle Fighter began the quest for the Orb.
     0 | D:1      | Reached XP level 1. HP: 14/14 MP: 1/1
   241 | D:1      | Reached XP level 2. HP: 16/19 MP: 2/2
   884 | D:1      | Reached XP level 3. HP: 23/23 MP: 3/3
  1642 | D:2      | Paralysed by fainting for 6 turns
  1941 | D:2      | Found a stormy altar of Qazlal.
  2093 | D:2      | Found a faded altar of an unknown god.
  2232 | D:3      | Reached XP level 4. HP: 29/29 MP: 4/4
  2858 | D:4      | Noticed a necrophage
  2864 | D:4      | Reached XP level 5. HP: 29/33 MP: 5/5
  2884 | D:4      | Killed a necrophage
  2884 | D:4      | Reached skill level 1 in Dodging
  2986 | D:4      | Reached XP level 6. HP: 33/38 MP: 6/6
  3202 | D:4      | Noticed Blork the orc
  3214 | D:4      | Killed Blork the orc
  3449 | D:4      | Reached XP level 7. HP: 43/44 MP: 7/7
  3540 | D:4      | Noticed GordonOverkill's ghost (amateur KoAs)
  3581 | D:4      | Killed GordonOverkill's ghost
  3581 | D:4      | Reached skill level 5 in Maces & Flails
  3581 | D:4      | Reached skill level 5 in Shields
  3711 | D:4      | Found a staircase to the Ecumenical Temple.
  3720 | Temple   | Entered the Ecumenical Temple
  3731 | Temple   | Became a worshipper of Warmaster Okawaru
  3976 | D:5      | Entered Level 5 of the Dungeon
  4404 | D:5      | Reached XP level 8. HP: 47/48 MP: 2/8
  4532 | D:5      | HP: 2/48 [ogre/giant club (16)]
  4565 | D:6      | Noticed Duvessa
  4565 | D:6      | Noticed Dowan
  4565 | D:6      | Noticed Pikel
  4592 | D:7      | Got a brightly glowing helmet
  4606 | D:7      | Identified the +0 helmet of Evimit {rF- MR+++ Str+8} (You found it on level 7 of the Dungeon)
  4879 | D:7      | Killed Pikel
  4879 | D:7      | Reached * piety under Okawaru
  4879 | D:7      | Reached skill level 5 in Fighting
  4879 | D:7      | Reached skill level 5 in Armour
  4879 | D:7      | Reached skill level 1 in Stealth
  5055 | D:6      | Killed Duvessa
  5066 | D:6      | Killed Dowan
  5729 | D:6      | Found a sparkling altar of Nemelex Xobeh.
  5838 | D:6      | Noticed mrks's ghost (novice MiFi)
  6162 | D:7      | Reached XP level 9. HP: 54/54 MP: 3/9
  6190 | D:7      | Reached ** piety under Okawaru
  6280 | D:7      | Found a shadowy altar of Dithmenos.
  6280 | D:7      | Found a hide-covered altar of Uskayaw.
  6281 | D:7      | Found a basalt altar of Yredelemnul.
  6500 | D:7      | Found an opulent altar of Gozag.
  6657 | D:7      | Slain by a killer bee

Skill      XL: |  1  2  3  4  5  6  7  8  9 |
---------------+----------------------------+-----
Maces & Flails | 3 4 5 6 7 |  7.5
Armour         | 4 5 6 |  6.0
Fighting       | 4 5 |  5.8
Dodging        | 1 2 |  2.9
Shields        | 4 5 6 7 |  7.3
Stealth        | 1 |  1.2

Action                   |  1- 3 |  4- 6 |  7- 9 || total
-------------------------+-------+-------+-------++-------
Melee: Flail             |   202 |   154 |    14 ||   370
       Mace              |       |       |   452 ||   452
       Whip              |       |       |    50 ||    50
  Use: Potion            |       |       |     1 ||     1
  Eat: Chunk             |     1 |     3 |     9 ||    13
       Bread ration      |     1 |       |       ||     1
       Fruit             |       |       |     2 ||     2
Armor: Scale mail        |   124 |    95 |   283 ||   502
Dodge: Dodged            |    82 |    53 |   178 ||   313
Block: Shield            |   110 |    79 |   340 ||   529
